 Dungeon Crawl Stone Soup version 0.31-a0-564-g3b7de120b3 (webtiles) character file.

Game seed: 9316640403467851705

125833 ytrimaz the Metamorph (level 16, -2/114 HPs)
             Began as a Demonspawn Shapeshifter on Aug 18, 2023.
             Was the Champion of Hepliaklqana.
             Constricted to death by an anaconda (3 damage)
             ... led by a naga ritualist
             ... on level 3 of the Snake Pit.
             The game lasted 00:35:21 (22550 turns).

ytrimaz the Metamorph (Demonspawn Shapeshifter)    Turns: 22550, Time: 00:35:22

Health: -2/114     AC: 17    Str: 19    XL:     16   Next: 42%
Magic:  22/22      EV: 16    Int:  5    God:    Hepliaklqana [******]
Gold:   2278       SH:  6    Dex: 19    Spells: 10/15 levels left

rFire   + +          .
                       - Unarmed
rCold   + . .        (shield currently unavailable)
rNeg    + . .        R - +5 ring mail "Heac Foz" {Stlth+}
rPois   +            A - +1 helmet of True Grit {+Blink rF+ rN+}
rElec   +            b - +1 cloak {rPois}
rCorr   +            (gloves currently unavailable)
SInv    +            E - +0 pair of boots
Will    ++...        u - amulet "Qiududef" {+Inv rC+ Regen+}
Stlth   ++           p - ring "Dufusono" {+Blink rElec rCorr Int-4 SInv}
HPRegen 2.19/turn    P - ring "Neq Amis" {rF+ AC+4}
MPRegen 0.18/turn

%: no passive effects
@: mighty, lethally poisoned (-2 -> -3), blade hands, enlightened, flying,
constricted, studying Earth Magic
A: reduced essence, claws 2, large bone plates 2, foul stench 1, powered by
death 2, bedeviling
a: Begin Untransformation, Renounce Religion, Evoke Blink, Evoke Invisibility,
Recall Ancestor, Ancestor Identity, Transference, Idealise


You were on level 3 of the Snake Pit.
You worshipped Hepliaklqana.
Hepliaklqana was exalted by your worship.
You had blades for hands.
You visited 5 branches of the dungeon, and saw 26 of its levels.
You also visited: Bailey and Gauntlet.

You collected 3090 gold pieces.
You spent 812 gold pieces at shops.


Innate Abilities, Weirdness & Mutations

You have blades for hands.
You are incapable of wielding weapons or throwing items.
Your life essence is reduced to manifest your ancestor. (-10% HP)
You have very sharp fingernails.
You are mostly covered in large bone plates. (SH +6)
You may rarely emit foul miasma when damaged in melee.
You regenerate health from kills.
Your hexes are more powerful.


   Skills:
 - Level 12.0 Fighting
 + Level 13.9 Dodging
 - Level 12.0 Unarmed Combat
 - Level 9.0 Invocations
 * Level 15.0 Shapeshifting


You had 10 spell levels left.
You knew the following spells:

 Your Spells              Type           Power      Damage    Failure   Level
a - Yara's Violent Unrav  Hex/Tmut       0%         3d3       100%        5

Your spell library contained the following spells:

 Spells                   Type           Power      Damage    Failure   Level
 Magic Dart               Conj           0%         1d3       67%         1
 Necrotise                Necr           0%         1d4       67%         1
 Sting                    Tmut/Pois      0%         1d3       67%         1
 Summon Small Mammal      Summ           0%         N/A       67%         1
 Call Imp                 Summ           0%         N/A       80%         2
 Lesser Beckoning         Tloc           0%         N/A       80%         2
 Poisonous Vapours        Pois/Air       0%         N/A       80%         2
 Call Canine Familiar     Summ           0%         N/A       95%         3
 Gell's Gravitas          Tloc           0%         N/A       95%         3
 Inner Flame              Hex/Fire       0%         N/A       95%         3
 Mephitic Cloud           Conj/Pois/Air  0%         N/A       95%         3
 Stone Arrow              Conj/Erth      0%         3d7       95%         3
 Summon Guardian Golem    Hex/Summ       0%         N/A       95%         3
 Teleport Other           Tloc           0%         N/A       95%         3
 Vampiric Draining        Necr           0%         2d6       95%         3
 Volatile Blastmotes      Fire/Tloc      0%         2d10      95%         3
 Animate Armour           Summ/Erth      0%         N/A       100%        4
 Fulminant Prism          Conj/Hex       0%         3d5       100%        4
 Iskenderun's Mystic Bla  Conj/Tloc      0%         2d3       100%        4
 Leda's Liquefaction      Hex/Erth       0%         N/A       100%        4
 Olgreb's Toxic Radiance  Pois           0%         N/A       100%        4
 Agony                    Necr           0%         N/A       100%        5
 Lee's Rapid Deconstruct  Erth           0%         3d4*      100%        5
 Summon Forest            Summ/Tloc      0%         N/A       100%        5
 Eringya's Noxious Bog    Tmut/Pois      0%         4d6       100%        6
 Leda's Unmaking          Conj/Erth      0%         9d1       100%        6
 Enfeeble                 Hex            0%         N/A       100%        7
 Summon Hydra             Summ           0%         N/A       100%        7
 Lehudib's Crystal Spear  Conj/Erth      0%         10d2      100%        8

Inventory:

Missiles
 L - a throwing net
Armour
 b - a +1 cloak of poison resistance (worn)
   (You took it off Crazy Yiuf on level 4 of the Dungeon)
 A - the +1 helmet of True Grit (worn) {+Blink rF+ rN+}
   (You found it in a Gauntlet)

   rF+:       It protects you from fire.
   rN+:       It protects you from negative energy.
   +Blink:    It lets you blink.
 D - the +2 cloak of Boredom {+Blink Dex+3 SInv}
   (You bought it in a shop on level 6 of the Dungeon)

   Dex+3:     It affects your dexterity (+3).
   SInv:      It lets you see invisible.
   +Blink:    It lets you blink.
 E - a +0 pair of boots (worn)
   (You found it on level 6 of the Dungeon)
 H - +0 acid dragon scales
   (You took it off Maggie on level 10 of the Dungeon)
 R - the +5 ring mail "Heac Foz" (worn) {Stlth+}
   (You found it on level 4 of the Lair of Beasts)

   Stlth+:    It makes you more stealthy.
Jewellery
 p - the ring "Dufusono" (left blade hand) {+Blink rElec rCorr Int-4 SInv}
   (You bought it in a shop on level 2 of the Orcish Mines)

   [ring of see invisible]

   Int-4:     It affects your intelligence (-4).
   rElec:     It insulates you from electricity.
   SInv:      It lets you see invisible.
   +Blink:    It lets you blink.
   rCorr:     It protects you from acid and corrosion.
 u - the amulet "Qiududef" (around neck) {+Inv rC+ Regen+}
   (You acquired it on level 8 of the Dungeon)

   [amulet of regeneration]

   rC+:       It protects you from cold.
   +Inv:      It lets you turn invisible.
   Regen+:    It increases your rate of health regeneration.
 w - a ring of fire
   (You found it on level 13 of the Dungeon)
 y - a ring of see invisible
   (You found it on level 7 of the Dungeon)
 O - a ring of flight
   (You found it in a Gauntlet)
 P - the ring "Neq Amis" (right blade hand) {rF+ AC+4}
   (You found it in a Gauntlet)

   [ring of protection]

   AC+4:      It affects your AC (+4).
   rF+:       It protects you from fire.
 S - a ring of magical power
   (You found it on level 14 of the Dungeon)
 T - a ring of willpower
   (You found it on level 15 of the Dungeon)
 U - an amulet of magic regeneration
   (You found it on level 3 of the Snake Pit)
 V - an amulet of faith
   (You found it on level 15 of the Dungeon)
Talismans
 c - a beast talisman
 d - a flux talisman
 n - a blade talisman (active)
   (You found it on level 4 of the Lair of Beasts)
 C - a maw talisman
   (You found it on level 10 of the Dungeon)
Wands
 o - a wand of flame (82)
   (You found it on level 4 of the Dungeon)
 B - a wand of acid (11)
   (You found it on level 13 of the Dungeon)
 K - a wand of digging (11)
   (You found it on level 1 of the Lair of Beasts)
 M - a wand of iceblast (9) (quivered)
   (You found it on level 2 of the Lair of Beasts)
 N - a wand of paralysis (26)
   (You found it on level 2 of the Lair of Beasts)
Scrolls
 a - 7 scrolls of enchant armour
 f - 6 scrolls of vulnerability
 g - 4 scrolls of fear
 h - 4 scrolls of immolation
 t - 3 scrolls of teleportation
 I - 6 scrolls of brand weapon
 J - 6 scrolls of poison
Potions
 i - 5 potions of curing
 j - a potion of magic
 k - 3 potions of haste
 l - 3 potions of enlightenment
 q - 3 potions of attraction
 r - 3 potions of ambrosia
 s - 4 potions of cancellation
 v - 5 potions of lignification
 x - 5 potions of might
 z - 2 potions of mutation
 F - 3 potions of brilliance
Miscellaneous
 Q - a phantom mirror
   (You found it in a Gauntlet)

Dungeon Overview and Level Annotations

Branches:
Dungeon (15/15) Zot: 26031  Temple (1/1) D:4 Zot: 5979    Lair (5/5) D:11 Zot: 24563
 Shoals (0/4) Lair:2        Snake (3/4) Lair:3 Zot: 16308   Slime (0/5) Lair:5
    Orc (2/2) D:11 Zot: 10632     Elf (0/3) Orc:2        Vaults (0/5) D:14
 Depths (0/4) D:15         Bailey (visited)         Gauntlet (visited)

Altars:
Ashenzari
Cheibriados
Dithmenos
Fedhas
Gozag
Hepliaklqana
Kikubaaqudgha
Makhleb
Nemelex Xobeh
Okawaru
Qazlal
Ru
Sif Muna
Trog
Uskayaw
Vehumet
Wu Jian
Xom
Yredelemnul
Jiyva

Shops:
D:2 [   D:3 *   D:6 *   Orc:2 !?(= Snake:1

* .......##.....####
..#....≈≈~... .......##....#####
.......~≈~... .......###'####..##
......~≈≈≈S..
........##.###....##.....≈≈~≈≈NS.
...................######≈≈§~≈≈≈#
.......................##..††##S.
..............###########..S.#
.............§###########....#
.............§§§@§§.S..##S...#
............>§§§§S§§..S§...†.#
.............§§§§§§....##....#
.............§§§§§§....##....#
.......................##....#
##############################


You could see an anaconda.


Message History

* * * LOW HITPOINT WARNING * * *
😨 HP[+5]
You regained 5 hp, and now have 34/114 hp.
You feel very buoyant.
You fly up into the air.
Aizul hits you.
* * * LOW HITPOINT WARNING * * *
The anaconda barely misses you. The anaconda constricts you.
* * * LOW HITPOINT WARNING * * *
Aizul hits you!
* * * LOW HITPOINT WARNING * * *
You escape the anaconda's grasp.
The anaconda grabs you. The anaconda bites you.
* * * LOW HITPOINT WARNING * * *
The anaconda constricts you.
* * * LOW HITPOINT WARNING * * *
Aizul casts a spell at you. You block the poison arrow.
The anaconda bites you but does no damage.
The anaconda constricts you. 😱 HP[-16]
You take 16 damage, and now have 18/114 hp.
Unknown command.
Blink to where?
Press: ? - help, Dir - move target, p - Aizul You escape the anaconda's grasp.
As you read the scroll of blinking, it crumbles to dust.
The naga ritualist utters an invocation to its god.
The naga ritualist begins to radiate toxic energy.
* * * LOW HITPOINT WARNING * * *
You are poisoned. 😱 HP[+1] Unknown command.
You feel sick.
You are more poisoned.
There is an open door, spattered with blood here.
You see here a sea snake corpse.
Blink to where?
Press: ? - help, Dir - move target
As you read the scroll of blinking, it crumbles to dust.
You feel sick. 😱 HP[-1]
You take 1 damage, and now have 18/114 hp.
As you read the scroll of fog, it dissolves into smoke.
You feel sick.
You feel much better.
You feel sick. 😨 HP[+24]
You regained 24 hp, and now have 42/114 hp.
Unknown command.
You feel sick. 😨 HP[+1]
You feel very mighty all of a sudden.
You feel sick.
Unknown command.
You feel sick.
You are no longer poisoned.
Aizul casts a spell at you. You resist with some effort.
Unknown command.
You slash Aizul! Aizul casts a spell at you. The poison arrow hits you!
You are poisoned.
You partially resist.
* * * LOW HITPOINT WARNING * * *
The anaconda completely misses you. The anaconda barely misses you.
You block Aizul's attack.
You shred Aizul!!!
You feel sick. The anaconda completely misses you. The anaconda bites you.
* * * LOW HITPOINT WARNING * * *
Aizul coils herself and waves her upper body at you.
You block the poison arrow. 😨 HP[-14]
You take 14 damage, and now have 29/114 hp.
You shred Aizul!!!
You kill Aizul!
You feel sick. The anaconda grabs you. The anaconda bites you.
* * * LOW HITPOINT WARNING * * *
The anaconda constricts you.
* * * LOW HITPOINT WARNING * * *
The anaconda bites you!
* * * LOW HITPOINT WARNING * * *
The anaconda constricts you. 😱 HP[-17]
You take 17 damage, and now have 12/114 hp.
You miss the anaconda. You slash the anaconda.
You feel sick. The anaconda bites you!
* * * LOW HITPOINT WARNING * * *
The anaconda constricts you.
* * * LOW HITPOINT WARNING * * *
Unknown command. 😱 HP[-9]
You take 9 damage, and now have 3/114 hp.
You miss the anaconda. The anaconda closely misses you.
The anaconda constricts you.
* * * LOW HITPOINT WARNING * * *
The anaconda completely misses you. The anaconda constricts you.
You die...

Skill      XL: |  1  2  3  4  5  6  7  8  9 10 11 12 13 14 15 16 |
---------------+-------------------------------------------------+-----
Unarmed Combat | 3 4 5 6 8 10 11 12 | 12.0
Shapeshifting  | 3 4 5 7 8 9 10 11 12 14 15 | 15.0
Dodging        | 5 8 10 11 13 | 13.9
Fighting       | 2 6 9 11 12 | 12.0
Invocations    | 7 9 |  9.0

Action                     |  1- 3 |  4- 6 |  7- 9 | 10-12 | 13-15 | 16-18 || total
---------------------------+-------+-------+-------+-------+-------+-------++-------
  Melee: Unarmed           |    82 |   121 |   247 |   690 |  1096 |   159 ||  2395
         Punch             |       |     6 |    12 |    27 |    86 |    16 ||   147
         Maw               |       |       |       |    55 |       |       ||    55
 Invoke: Ancestor Life: He |       |       |       |     1 |       |       ||     1
         Recall Ancestor   |       |       |       |     2 |     2 |     1 ||     5
         Transference      |       |       |       |     1 |       |     1 ||     2
         Idealise          |       |       |       |     1 |       |       ||     1
  Evoke: Wand              |       |       |    11 |     5 |     1 |     5 ||    22
    Use: Scroll            |     4 |     4 |     6 |     7 |    14 |     3 ||    38
         Potion            |       |     1 |     3 |     3 |     1 |     6 ||    14
   Stab: Sleeping          |     1 |       |       |       |     4 |     1 ||     6
         Confused          |       |       |       |    14 |    27 |     2 ||    43
         Distracted        |       |       |       |     6 |     8 |     2 ||    16
         Paralysed         |       |       |       |       |    30 |     9 ||    39
 Armour: Animal skin       |    13 |     3 |       |       |       |       ||    16
         Ring mail         |       |    26 |    90 |   128 |   336 |    35 ||   615
         Skin              |       |     2 |       |    26 |       |       ||    28
  Dodge: Dodged            |    41 |    51 |   103 |   428 |   772 |   122 ||  1517
  Block: Other             |    10 |    16 |    48 |   212 |   322 |    43 ||   651
   Form: Flux              |       |     1 |       |     1 |       |       ||     2
         Beast             |       |     1 |       |       |       |       ||     1
         Maw               |       |       |       |     1 |       |       ||     1
         Blade             |       |       |       |       |     1 |       ||     1

Levels and vault maps discovered:
D:1:      saegor_arrival_under_anarchy, layout_basic, serial_bayou,
          serial_bayou_lagoon_a, serial_bayou_pond_d, serial_bayou_lagoon_b,
          serial_bayou_shore_a
D:2:      layout_basic, serial_shops, shop
D:3:      layout_basic, mainiacjoe_overflow_catch_the_wave,
          gammafunk_temple_overflow_statue, serial_bayou, serial_bayou_pond_c,
          serial_bayou_pond_c, serial_bayou_pond_b, serial_bayou_shore_b,
          chequers_ecumenical_altar_simple_redux, serial_shops, shop
D:4:      layout_rooms, temple_doors_e, serial_bayou_ford_a,
          uniq_crazy_yiuf_cottage
D:5:      layout_basic, mainiacjoe_overflow_concentric_impassable,
          uniq_menkaure, uniq_edmund
D:6:      layout_basic, mainiacjoe_overflow_catwalk, serial_shops,
          nicolae_stop_n_shop_2, corexii_leaking_fountain
D:7:      layout_rooms, solitary_fountain, minmay_starry_boxes
D:8:      layout_gridville, enter_bailey_3
D:9:      layout_basic, mainiacjoe_overflow_alcove_4, kennysheep_mini
D:10:     layout_roguey, gammafunk_temple_overflow_elements, uniq_maggie,
          uniq_nergalle
D:11:     layout_irregular_city, david_lair_shrubbed, hiddenorc1_lemuel,
          serial_column_ruins, column_ruins_open_large, column_ruins_grid_2,
          column_ruins_open_small, column_ruins_grid_1,
          column_ruins_columns_straight, column_ruins_open_small
D:12:     layout_small_grid
D:13:     layout_cave_pools
D:14:     layout_loops_cross, david_vaults_1, nzn_wu_jian_contemplation
D:15:     hangedman_depths_entry_try_elsewhere_first, layout_basic,
          lemuel_blue_sif_altar, grunt_gozag_breadcrumbs
Temple:   nicolae_temple_no_exploring_needed
Lair:1:   wad_woods_minihive, layout_gridlike, beast_lair_carwin_6
Lair:2:   layout_regular_city, elwin_shoals_entry_stream, serial_forest,
          infiniplex_forest_straight_4, infiniplex_forest_straight_4,
          infiniplex_forest_clump_double, infiniplex_forest_split,
          infiniplex_forest_straight_3, infiniplex_forest_lined_2,
          infiniplex_forest_clump_small, infiniplex_forest_lined_2
Lair:3:   layout_misc_corridors, minmay_snake_entry_guardpost_medium,
          gauntlet_entry_generic, minmay_hedge_maze, minivault_27
Lair:4:   layout_roguey, uniq_sonja
Lair:5:   grunt_lair_end_beastmaster, layout_regular_city,
          dpeg_slime_entry_enclosed, grunt_megastairs_4, serial_bayou_shore_b,
          lemuel_fruit_fields, serial_bayou_shore_b
Snake:1:  layout_layer_cave, basic_altar, serial_bayou_pond_a,
          nicolae_shop_gadgets
Snake:2:  layout_chambers, gammafunk_ghost_cemetery, grunt_ministairs_7,
          nicolae_snake_gridmaze_entwining, nicolae_snake_storage_room,
          uniq_vashnia
Snake:3:  nicolae_sea_snake_s, layout_grid_maze, gammafunk_ghost_grave,
          uniq_aizul
Orc:1:    layout_diamond_mine
Orc:2:    st_orc_rangers, layout_caves, uniq_urug, uniq_azrael

Notes
Turn   | Place    | Note
-------+----------+-------------------------------------------
     0 | D:1      | ytrimaz the Demonspawn Shapeshifter began the quest for the
                  | Orb.
     0 | D:1      | Reached XP level 1. HP: 15/15 MP: 1/1
     0 | D:1      | magus.rc [v1.9.6]
    63 | D:1      | You pick up a book of Misfortune and begin reading...
    63 | D:1      | You add the spells Inner Flame, Yara's Violent Unravelling
                  | and Enfeeble to your library.
   255 | D:1      | Reached skill level 3 in Unarmed Combat
   255 | D:1      | Gained mutation: You are partially covered in large bone
                  | plates. (SH +4) [demonic ancestry]
   255 | D:1      | Reached XP level 2. HP: 11/21 MP: 2/2
   602 | D:1      | Reached skill level 3 in Shapeshifting
   990 | D:2      | You fall into a shaft and drop 2 floors!
  1005 | D:4      | Gained mutation: You have sharp fingernails. [demonic
                  | ancestry]
  1005 | D:4      | Reached XP level 3. HP: 12/26 MP: 3/3
  1156 | D:2      | Gained mutation: You regenerate a little health from kills.
                  | [demonic ancestry]
  1156 | D:2      | Reached XP level 4. HP: 32/32 MP: 4/4
  1434 | D:2      | Found Bymp's Antique Armour Boutique.
  2072 | D:3      | Found a faded altar of an unknown god.
  2102 | D:3      | Found an opulent altar of Gozag.
  2200 | D:3      | Reached skill level 4 in Unarmed Combat
  2216 | D:3      | Found a blossoming altar of Fedhas.
  2324 | D:3      | Found Oklouc's Assorted Antiques.
  2778 | D:3      | Found a radiant altar of Vehumet.
  2778 | D:3      | Found a bloodstained altar of Trog.
  2880 | D:4      | Gained mutation: You regenerate health from kills. [demonic
                  | ancestry]
  2880 | D:4      | Reached XP level 5. HP: 37/37 MP: 5/5
  3113 | D:4      | Found a runed translucent door.
  3114 | D:4      | Noticed Crazy Yiuf
  3255 | D:4      | Found a staircase to the Ecumenical Temple.
  3419 | D:4      | Killed Crazy Yiuf
  3539 | Temple   | Entered the Ecumenical Temple
  3552 | Temple   | Became a worshipper of Hepliaklqana the Forgotten
  3577 | D:5      | Entered Level 5 of the Dungeon
  3688 | D:5      | Reached skill level 4 in Shapeshifting
  3717 | D:5      | Noticed a water moccasin
  3725 | D:5      | Killed a water moccasin
  3726 | D:5      | Reached XP level 6. HP: 36/43 MP: 6/6
  3752 | D:5      | Reached skill level 5 in Unarmed Combat
  3796 | D:5      | Found a broken altar of Ashenzari.
  3891 | D:5      | Noticed Edmund
  3903 | D:5      | Killed Edmund
  3904 | D:5      | Gained mutation: You may rarely emit foul miasma when
                  | damaged in melee. [demonic ancestry]
  3904 | D:5      | Reached XP level 7. HP: 26/47 MP: 7/7
  4012 | D:5      | Reached skill level 5 in Shapeshifting
  4151 | D:5      | Reached skill level 6 in Unarmed Combat
  4270 | D:5      | Noticed Menkaure
  4294 | D:5      | HP: 7/48 [Menkaure/nerve-wracking pain (14)]
  4297 | D:5      | Killed Menkaure
  4298 | D:5      | Gained mutation: You are mostly covered in large bone
                  | plates. (SH +6) [demonic ancestry]
  4298 | D:5      | Reached XP level 8. HP: 13/54 MP: 8/8
  4595 | D:6      | Found Pemilaruxt's Assorted Antiques.
  4776 | D:6      | Reached skill level 7 in Unarmed Combat
  4776 | D:6      | Reached skill level 6 in Shapeshifting
  4792 | D:6      | Bought a fuming amethyst potion for 27 gold pieces
  4792 | D:6      | Bought a red potion for 27 gold pieces
  4883 | D:6      | Found a shimmering blue altar of Sif Muna.
  5117 | D:6      | Reached * piety under Hepliaklqana
  5319 | D:6      | HP: 9/45 [wight/+0 great sword (4)]
  5564 | D:6      | Reached skill level 8 in Unarmed Combat
  5627 | D:7      | Noticed a kobold demonologist
  5627 | D:7      | Noticed a kobold demonologist
  5716 | D:7      | Killed a kobold demonologist
  5717 | D:7      | Reached skill level 7 in Shapeshifting
  5717 | D:7      | Reached XP level 9. HP: 53/53 MP: 9/9
  5727 | D:7      | Killed a kobold demonologist
  5832 | D:7      | Reached skill level 9 in Unarmed Combat
  5957 | D:7      | Reached skill level 8 in Shapeshifting
  6203 | D:8      | Noticed a two-headed ogre
  6210 | D:8      | Killed a two-headed ogre
  6211 | D:8      | Reached skill level 10 in Unarmed Combat
  6211 | D:8      | Reached XP level 10. HP: 44/58 MP: 10/10
  6393 | D:8      | Reached ** piety under Hepliaklqana
  6397 | D:8      | Remembered your ancestor Mirko as a hexer
  6422 | D:8      | Noticed a two-headed ogre
  6431 | D:8      | Killed a two-headed ogre
  6453 | D:8      | Reached skill level 9 in Shapeshifting
  6483 | D:8      | Found a flagged portal.
  6496 | Bailey   | Entered a bailey
  6661 | Bailey   | Noticed an orc warlord
  6683 | Bailey   | Killed an orc warlord
  6684 | Bailey   | Reached skill level 11 in Unarmed Combat
  6713 | Bailey   | You add the spells Sting, Poisonous Vapours and Olgreb's
                  | Toxic Radiance to your library.
  6738 | Bailey   | Noticed an orc knight
  6773 | Bailey   | Killed an orc knight
  6941 | D:8      | Acquired the amulet "Qiududef" {+Inv rC+ Regen+}
  7005 | D:8      | Gained mutation: Your hexes are more powerful. [demonic
                  | ancestry]
  7005 | D:8      | Reached XP level 11. HP: 63/63 MP: 11/11
  7026 | D:8      | You pick up a book of Minor Magic and begin reading...
  7026 | D:8      | You add the spells Magic Dart, Call Imp and Mephitic Cloud
                  | to your library.
  7079 | D:8      | Learned a level 5 spell: Yara's Violent Unravelling
  7527 | D:9      | Found a snail-covered altar of Cheibriados.
  7677 | D:9      | Reached skill level 2 in Dodging
  7905 | D:9      | Paralysed by a hornet for 3 turns
  7963 | D:9      | You pick up a book of Blasting and begin reading...
  7963 | D:9      | You add the spells Volatile Blastmotes, Fulminant Prism and
                  | Iskenderun's Mystic Blast to your library.
  7966 | D:9      | Reached *** piety under Hepliaklqana
  8197 | D:9      | Found a shimmering altar of Xom.
  8279 | D:10     | Entered Level 10 of the Dungeon
  8445 | D:10     | Noticed Nergalle
  8454 | D:10     | Killed Nergalle
  8455 | D:10     | Reached skill level 10 in Shapeshifting
  8664 | D:6      | Bought a masterwork cloak for 285 gold pieces
  8664 | D:6      | Identified the +2 cloak of Boredom {+Blink Dex+3 SInv} (You
                  | bought it in a shop on level 6 of the Dungeon)
  8799 | D:10     | Noticed Maggie
  8810 | D:10     | Killed Maggie
  8811 | D:10     | Reached skill level 3 in Dodging
  8811 | D:10     | Reached skill level 12 in Unarmed Combat
  9012 | D:10     | HP: 15/63 [yaktaur (17)]
  9070 | D:10     | Found a sparkling altar of Nemelex Xobeh.
  9095 | D:10     | Noticed a two-headed ogre
  9111 | D:10     | HP: 6/63 [two-headed ogre/+0 giant club (13)]
  9112 | D:10     | Killed a two-headed ogre
  9113 | D:10     | Reached skill level 4 in Dodging
  9206 | D:10     | Reached skill level 5 in Dodging
  9522 | D:11     | Identified the +9 dagger of the Gibberer {heavy, Stlth+}
  9602 | D:11     | Reached skill level 2 in Fighting
  9689 | D:11     | Reached **** piety under Hepliaklqana
  9763 | D:11     | Found a staircase to the Orcish Mines.
  9841 | D:11     | You pick up a book of Armaments and begin reading...
  9841 | D:11     | You add the spells Stone Arrow, Animate Armour and
                  | Lehudib's Crystal Spear to your library.
  9958 | D:11     | Reached XP level 12. HP: 44/72 MP: 12/12
  9967 | D:11     | Reached skill level 6 in Dodging
 10038 | D:11     | Found a staircase to the Lair.
 10156 | D:12     | Reached skill level 3 in Fighting
 10189 | D:12     | Reached skill level 1 in Invocations
 10195 | D:12     | Reached skill level 11 in Shapeshifting
 10225 | Lair:1   | Entered Level 1 of the Lair of Beasts
 10283 | Lair:1   | Reached skill level 2 in Invocations
 10329 | Lair:1   | HP: 18/74 [killer bee (8)]
 10334 | Lair:1   | HP: 15/74 [killer bee (1)]
 10339 | Lair:1   | HP: 17/74 [poisoned by a killer bee]
 10348 | Lair:1   | Reached skill level 3 in Invocations
 10446 | Lair:1   | Reached skill level 4 in Fighting
 10498 | Lair:1   | HP: 17/74 [yak (9)]
 10499 | Lair:1   | HP: 4/74 [yak (9)]
 10507 | Lair:1   | Reached skill level 4 in Invocations
 10537 | Lair:1   | Reached skill level 7 in Dodging
 10567 | Lair:1   | Reached skill level 5 in Fighting
 10567 | Lair:1   | Reached skill level 5 in Invocations
 10676 | Lair:1   | You fall into a shaft and drop 1 floor!
 10719 | Lair:2   | Reached ***** piety under Hepliaklqana
 10820 | Lair:1   | Reached skill level 6 in Invocations
 10875 | Lair:1   | Reached skill level 6 in Fighting
 11394 | Lair:2   | Reached skill level 7 in Invocations
 11484 | Lair:2   | Noticed a four-headed hydra
 11490 | Lair:2   | Reached skill level 8 in Dodging
 11494 | Lair:2   | Killed a four-headed hydra
 11524 | Lair:2   | Reached XP level 13. HP: 85/85 MP: 14/18
 11613 | Lair:2   | Reached skill level 8 in Invocations
 11616 | Lair:2   | Reached skill level 7 in Fighting
 11780 | Lair:2   | You pick up a book of Necromancy and begin reading...
 11780 | Lair:2   | You add the spells Necrotise, Vampiric Draining and Agony
                  | to your library.
 11809 | Lair:2   | Found a staircase to the Shoals.
 12419 | Lair:3   | Found a gate leading to a gauntlet.
 12425 | Gauntlet | Entered a Gauntlet
 12425 | Gauntlet | Found a transporter.
 12440 | Gauntlet | Found a transporter.
 12443 | Gauntlet | Found a transporter.
 12448 | Gauntlet | Found a runed translucent door.
 12448 | Gauntlet | Found a runed translucent door.
 12453 | Gauntlet | Found a transporter.
 12456 | Gauntlet | Found a transporter.
 12467 | Gauntlet | Found a transporter.
 12483 | Gauntlet | Found a transporter.
 12486 | Gauntlet | Noticed a blizzard demon
 12491 | Gauntlet | Noticed a minotaur
 12494 | Gauntlet | Found a transporter.
 12495 | Gauntlet | Found a runed translucent door.
 12496 | Gauntlet | Found a runed translucent door.
 12511 | Gauntlet | Found a transporter.
 12512 | Gauntlet | Found a transporter.
 12532 | Gauntlet | Found a transporter.
 12532 | Gauntlet | Found a transporter.
 12554 | Gauntlet | Noticed a reaper
 12557 | Gauntlet | Found a transporter.
 12571 | Gauntlet | Found a transporter.
 12639 | Gauntlet | Identified the +1 helmet of True Grit {+Blink rF+ rN+}
 12743 | Gauntlet | Reached skill level 9 in Invocations
 12747 | Gauntlet | Reached skill level 9 in Dodging
 12759 | Gauntlet | Identified the ring "Neq Amis" {rF+ AC+4}
 12779 | Gauntlet | Killed a minotaur
 12851 | Gauntlet | Identified the +10 hand axe of Tumult {heavy, Int+2}
 13038 | Lair:3   | Reached skill level 8 in Fighting
 13264 | Lair:3   | Reached skill level 9 in Fighting
 13278 | Lair:3   | Reached skill level 10 in Dodging
 13445 | Lair:3   | Found a staircase to the Snake Pit.
 13945 | Lair:4   | Identified the +5 ring mail "Heac Foz" {Stlth+}
 14030 | Lair:4   | Identified a +0 crystal plate armour
 14366 | Lair:4   | Noticed Sonja
 14374 | Lair:4   | Killed Sonja
 14665 | Lair:5   | Entered Level 5 of the Lair of Beasts
 14793 | Lair:5   | Reached ****** piety under Hepliaklqana
 14845 | Lair:5   | Gained mutation: You have very sharp fingernails. [demonic
                  | ancestry]
 14845 | Lair:5   | Reached XP level 14. HP: 98/98 MP: 20/20
 14900 | Lair:5   | Reached skill level 10 in Fighting
 15192 | Lair:5   | HP: 8/99 [death yak (23)]
 15194 | Lair:5   | Reached skill level 11 in Dodging
 15385 | Lair:5   | Acquired 585 gold pieces
 15414 | Lair:5   | Found a viscous altar of Jiyva.
 15414 | Lair:5   | Found a staircase to the Slime Pits.
 15688 | Lair:5   | Reached skill level 11 in Fighting
 15882 | Lair:5   | Identified the +2 mace "Lupyuwywn" {freeze, rF+ rC+ rN+
                  | Will+}
 16390 | Orc:1    | Entered Level 1 of the Orcish Mines
 16513 | Orc:2    | Entered Level 2 of the Orcish Mines
 16562 | Orc:2    | Reached skill level 12 in Shapeshifting
 16962 | Orc:2    | Paralysed by an orc sorcerer for 3 turns
 17030 | Orc:2    | Noticed Azrael
 17111 | Orc:2    | Killed Azrael
 17191 | Orc:2    | Noticed Urug
 17289 | Orc:2    | Found a staircase to the Elven Halls.
 17389 | Orc:2    | Killed Urug
 17673 | Orc:2    | Found Maajulukk's Antique Weapon Shop.
 17673 | Orc:2    | Found Tikuott's Magic Scroll Emporium.
 17675 | Orc:2    | Found Xuomoiq's Distillery.
 17677 | Orc:2    | Found Noran's Jewellery Boutique.
 17684 | Orc:2    | Bought a potion of brilliance for 48 gold pieces
 17689 | Orc:2    | Bought the ring "Dufusono" {+Blink rElec rCorr Int-4 SInv}
                  | for 365 gold pieces
 17696 | Orc:2    | Bought a potion of heal wounds for 60 gold pieces
 17910 | D:12     | Reached XP level 15. HP: 108/108 MP: 21/21
 17998 | D:12     | Reached skill level 12 in Dodging
 18518 | D:13     | Identified the +0 spear of Grandeur {freeze, *Corrode Fly
                  | rF+++ rC-}
 18523 | D:13     | You pick up a book of Callings and begin reading...
 18523 | D:13     | You add the spells Summon Small Mammal, Call Canine
                  | Familiar and Summon Guardian Golem to your library.
 18948 | D:13     | Reached skill level 12 in Fighting
 19143 | D:14     | Reached skill level 13 in Shapeshifting
 19150 | D:14     | Found a gate to the Vaults.
 19359 | D:14     | Found an ornate altar of the Wu Jian Council.
 19755 | D:15     | Entered Level 15 of the Dungeon
 19851 | D:15     | You pick up a book of the Earth and begin reading...
 19851 | D:15     | You add the spells Leda's Liquefaction, Lee's Rapid
                  | Deconstruction and Leda's Unmaking to your library.
 20159 | D:15     | Found a staircase to the Depths.
 20171 | D:15     | Reached skill level 13 in Dodging
 20234 | D:15     | Found an opulent altar of Gozag.
 20255 | D:15     | Identified the +5 quarterstaff of Geanow {antimagic, rElec
                  | Will++ Int+4}
 20666 | D:15     | Found a shimmering blue altar of Sif Muna.
 20815 | Snake:1  | Entered Level 1 of the Snake Pit
 20829 | Snake:1  | Reached skill level 14 in Shapeshifting
 20895 | Snake:1  | You pick up a book of Displacement and begin reading...
 20895 | Snake:1  | You add the spells Lesser Beckoning, Gell's Gravitas and
                  | Teleport Other to your library.
 21189 | Snake:1  | Reached XP level 16. HP: 88/114 MP: 22/22
 21730 | Snake:1  | Found Hiojiam's Gadget Gallery.
 22183 | Snake:2  | You fall into a shaft and drop 1 floor!
 22303 | Snake:3  | HP: 26/114 [naga mage/+0 flail of protection (11)]
 22350 | Snake:3  | You add the spells Summon Forest, Eringya's Noxious Bog and
                  | Summon Hydra to your library.
 22512 | Snake:3  | Reached skill level 15 in Shapeshifting
 22521 | Snake:3  | Noticed Aizul
 22536 | Snake:3  | HP: 23/114 [Aizul (7)]
 22541 | Snake:3  | HP: 18/114 [poisoned by a naga ritualist (toxic radiance)]
 22548 | Snake:3  | Killed Aizul
 22548 | Snake:3  | HP: 23/114 [anaconda[a naga ritualist] (6)]
 22549 | Snake:3  | HP: 5/114 [anaconda[a naga ritualist] (7)]
 22550 | Snake:3  | HP: 1/114 [constriction[a naga ritualist] (4)]
 22550 | Snake:3  | Constricted to death by an anaconda

Vanquished Creatures
  Aizul (Snake:3)
  Azrael (Orc:2)
  A minotaur (Gauntlet)
  2 dire elephants
  An ettin (Orc:1)
  A salamander tyrant (Snake:2)
  A catoblepas (Lair:5)
  A hydra (Lair:2)
  4 two-headed ogres
  3 anacondas
  4 boulder beetles
  6 centaur warriors
  A deep troll shaman (Lair:5)
  2 death knights
  2 tengu warriors
  15 death yaks (Lair:5)
  4 naga warriors (Snake:1)
  3 shock serpents (Snake:1)
  Urug (Orc:2)
  Sonja (Lair:4)
  Nergalle (D:10)
  5 naga sharpshooters
  A skyshark (Lair:5)
  4 sea snakes (Snake:3)
  A naga ritualist (Snake:1)
  2 wizards (Gauntlet)
  A necromancer (D:14)
  A deep elf pyromancer (D:15)
  3 mana vipers (Snake:1)
  A mana viper (shapeshifter) (D:13)
  5 orc knights
  16 ugly things
  3 cyclopes
  5 salamanders
  3 elephants (Lair:5)
  4 manticores
  A guardian serpent (Snake:1)
  A merfolk siren (Lair:2)
  13 black mambas
  7 naga magi
  A torpor snail (Lair:5)
  10 cane toads
  3 yaktaurs (D:10)
  4 rime drakes
  A tengu conjurer (D:14)
  4 kobold demonologists
  9 komodo dragons
  3 freezing wraiths (D:14)
  3 merfolk (Lair:2)
  5 trolls
  2 polar bears
  A queen bee (Gauntlet)
  20 blink frogs
  7 slime creatures
  2 shadows
  A vampire (D:9)
  6 wraiths
  5 wyverns
  4 fire elementals (Orc:2)
  50 yaks
  A hog (shapeshifter) (D:15)
  3 basilisks
  6 vampire mosquitoes
  Menkaure (D:5)
  2 acid dragons
  Edmund (D:5)
  15 nagas
  14 water moccasins
  3 hell hounds
  34 orc warriors
  2 sky beasts (D:8)
  4 ogres
  2 ice beasts
  2 black bears
  17 centaurs
  A phantom (D:5)
  8 wolves
  7 kobold brigands
  2 bullfrogs
  4 scorpions
  7 wights
  43 killer bees
  2 howler monkeys
  5 hounds
  2 jellies
  7 orc priests
  Crazy Yiuf (D:4)
  A gnoll bouda (D:7)
  A sleepcap (D:5)
  4 iguanas (D:5)
  10 orc wizards
  15 gnolls
  9 adders
  3 shadow imps (Gauntlet)
  4 white imps
  An ufetubus (D:4)
  2 worms
  A dart slug (D:4)
  45 orcs
  8 ball pythons
  5 endoplasms
  4 giant cockroaches
  15 goblins
  7 hobgoblins
  27 kobolds
  3 quokkas
  4 bats
  5 frilled lizards
  3 rats (D:3)
647 creatures vanquished.

Vanquished Creatures (collateral kills)
  An orc warlord (Bailey)
  3 hydras
  A naga warrior (Snake:1)
  2 two-headed ogres
  A naga sharpshooter (Snake:2)
  A soul eater (Gauntlet)
  A sea snake (Snake:3)
  A naga ritualist (Snake:1)
  An orc knight (Orc:2)
  A deep elf pyromancer (D:15)
  2 orc sorcerers (Orc:2)
  5 ugly things
  2 cyclopes
  A salamander (Snake:2)
  A guardian serpent (Snake:1)
  Maggie (D:10)
  An unseen horror (D:11)
  A cane toad (Lair:1)
  A rime drake (Lair:3)
  2 komodo dragons
  2 trolls
  A polar bear (Lair:2)
  A hornet (D:9)
  6 blink frogs
  A vampire (D:12)
  A wyvern (Lair:2)
  20 yaks
  3 nagas
  4 water moccasins
  6 orc warriors
  6 centaurs
  2 kobold brigands (D:8)
  2 bullfrogs (Lair:2)
  8 killer bees
  2 orc priests
  An iguana (D:4)
  7 orc wizards
  A shadow imp (Gauntlet)
  16 orcs
  7 goblins
  2 hobgoblins
  11 kobolds
  A butterfly (Lair:5)
141 creatures vanquished.

Vanquished Creatures (others)
  A blink frog (Lair:3)
  24 hexers
  3 ancestors
28 creatures vanquished.

Grand Total: 816 creatures vanquished

Table legend:
 A = Non-vault XP
 B = Vault XP
 C = Vault XP percentage of total XP
 D = Non-vault monster count
 E = Vault monster count
 F = Vault count percentage of total count
                 A         B        C        D         E       F
            +---------+---------+-------+---------+---------+-------
      Total |  129025 |   50737 |  28.2 |     550 |     238 |  30.2
            +---------+---------+-------+---------+---------+-------
        D:1 |      22 |       0 |   0.0 |      14 |       0 |   0.0
        D:2 |      56 |       0 |   0.0 |      11 |       0 |   0.0
        D:3 |      42 |       8 |  16.0 |      13 |       5 |  27.8
        D:4 |      84 |      40 |  32.3 |      15 |       1 |   6.2
        D:5 |    1070 |     329 |  23.5 |      22 |       2 |   8.3
        D:6 |     989 |       0 |   0.0 |      25 |       0 |   0.0
        D:7 |    2418 |     372 |  13.3 |      24 |       5 |  17.2
        D:8 |    2680 |       7 |   0.3 |      27 |       4 |  12.9
        D:9 |    1702 |       0 |   0.0 |      22 |       0 |   0.0
       D:10 |    5005 |    1205 |  19.4 |      27 |       2 |   6.9
       D:11 |    2731 |     572 |  17.3 |      21 |      18 |  46.2
       D:12 |    5757 |       0 |   0.0 |      20 |       0 |   0.0
       D:13 |    5725 |       0 |   0.0 |      13 |       0 |   0.0
       D:14 |   13105 |    1746 |  11.8 |      32 |       3 |   8.6
       D:15 |   12505 |    2544 |  16.9 |      26 |       4 |  13.3
     Lair:1 |    6156 |    4341 |  41.4 |      27 |      40 |  59.7
     Lair:2 |    8059 |    1411 |  14.9 |      29 |       4 |  12.1
     Lair:3 |    8189 |     646 |   7.3 |      35 |       4 |  10.3
     Lair:4 |    2943 |     785 |  21.1 |      14 |       1 |   6.7
     Lair:5 |   16776 |   10636 |  38.8 |      40 |      21 |  34.4
    Snake:1 |   20592 |       0 |   0.0 |      38 |       0 |   0.0
    Snake:2 |    2538 |    3376 |  57.1 |       4 |       6 |  60.0
    Snake:3 |    4574 |    6012 |  56.8 |      11 |      10 |  47.6
      Orc:1 |    2392 |     145 |   5.7 |      17 |       1 |   5.6
      Orc:2 |    2915 |    9433 |  76.4 |      23 |      45 |  66.2
     Bailey |       0 |    3318 | 100.0 |       0 |      45 | 100.0
   Gauntlet |       0 |    3811 | 100.0 |       0 |      17 | 100.0
            +---------+---------+-------+---------+---------+-------

Skill      XL: |  1  2  3  4  5  6  7  8  9 10 11 12 13 14 15 16 |
---------------+-------------------------------------------------+-----
Unarmed Combat | 3 4 5 6 8 10 11 12 | 12.0
Shapeshifting  | 3 4 5 7 8 9 10 11 12 14 15 | 15.0
Dodging        | 5 8 10 11 13 | 13.9
Fighting       | 2 6 9 11 12 | 12.0
Invocations    | 7 9 |  9.0

Action                     |  1- 3 |  4- 6 |  7- 9 | 10-12 | 13-15 | 16-18 || total
---------------------------+-------+-------+-------+-------+-------+-------++-------
  Melee: Unarmed           |    82 |   121 |   247 |   690 |  1096 |   159 ||  2395
         Punch             |       |     6 |    12 |    27 |    86 |    16 ||   147
         Maw               |       |       |       |    55 |       |       ||    55
 Invoke: Ancestor Life: He |       |       |       |     1 |       |       ||     1
         Recall Ancestor   |       |       |       |     2 |     2 |     1 ||     5
         Transference      |       |       |       |     1 |       |     1 ||     2
         Idealise          |       |       |       |     1 |       |       ||     1
  Evoke: Wand              |       |       |    11 |     5 |     1 |     5 ||    22
    Use: Scroll            |     4 |     4 |     6 |     7 |    14 |     3 ||    38
         Potion            |       |     1 |     3 |     3 |     1 |     6 ||    14
   Stab: Sleeping          |     1 |       |       |       |     4 |     1 ||     6
         Confused          |       |       |       |    14 |    27 |     2 ||    43
         Distracted        |       |       |       |     6 |     8 |     2 ||    16
         Paralysed         |       |       |       |       |    30 |     9 ||    39
 Armour: Animal skin       |    13 |     3 |       |       |       |       ||    16
         Ring mail         |       |    26 |    90 |   128 |   336 |    35 ||   615
         Skin              |       |     2 |       |    26 |       |       ||    28
  Dodge: Dodged            |    41 |    51 |   103 |   428 |   772 |   122 ||  1517
  Block: Other             |    10 |    16 |    48 |   212 |   322 |    43 ||   651
   Form: Flux              |       |     1 |       |     1 |       |       ||     2
         Beast             |       |     1 |       |       |       |       ||     1
         Maw               |       |       |       |     1 |       |       ||     1
         Blade             |       |       |       |       |     1 |       ||     1

Illustrated notes

Table legend:
 A = Kills in this place as a percentage of kills in the entire game.
 B = Kills by you in this place as a percentage of kills by you in the entire game.
 C = Kills by friends in this place as a percentage of kills by friends in the entire game.
 D = Other kills in this place as a percentage of other kills in the entire game.
 E = Experience gained in this place as a percentage of experience gained in the entire game.
 F = Experience gained in this place divided by the number of levels of this place that you have seen.
                   A       B       C       D       E      F
               +-------+-------+-------+-------+-------+----------------------
         Total | 100.0 | 100.0 | 100.0 | 100.0 | 100.0 | 6420.1
       Dungeon |  45.2 |  47.0 |  37.1 |  37.5 |  33.8 | 4047.6
          Lair |  27.3 |  25.8 |  33.6 |  37.5 |  33.3 | 11988.4
     Snake Pit |   8.8 |   9.5 |   5.7 |   0.0 |  20.6 | 12364.0
  Orcish Mines |  10.9 |  10.0 |  15.7 |   0.0 |   8.3 | 7442.5
        Bailey |   5.7 |   5.3 |   6.4 |  25.0 |   1.8 | 3318.0
      Gauntlet |   2.2 |   2.3 |   1.4 |   0.0 |   2.1 | 3811.0
               +-------+-------+-------+-------+-------+----------------------

Table legend: (Time is in decaauts)
 A = Elapsed time spent in this place.
 B = Non-inter-level travel time spent in this place.
 C = Inter-level travel time spent in this place.
 D = Time resting spent in this place.
 E = Time spent auto-exploring this place.
 F = Levels seen in this place.
 G = Mean time per level.
                   A        B        C        D        E       F      G
               +--------+--------+--------+--------+--------+-----+--------+
         Total |  22154 |  20757 |   1397 |   1132 |  14300 |  28 |  791.2 |
       Dungeon |  12658 |  11677 |    981 |    682 |   8510 |  15 |  843.9 |
        Temple |     20 |     14 |      6 |      0 |      0 |   1 |   20.0 |
          Lair |   5436 |   5134 |    302 |     95 |   3563 |   5 | 1087.2 |
     Snake Pit |   1690 |   1665 |     25 |      0 |   1217 |   3 |  563.3 |
  Orcish Mines |   1367 |   1286 |     81 |    244 |    571 |   2 |  683.5 |
        Bailey |    418 |    418 |      0 |     11 |    183 |   1 |  418.0 |
      Gauntlet |    563 |    563 |      0 |    100 |    255 |   1 |  563.0 |
               +--------+--------+--------+--------+--------+-----+--------+

Top non-repeatable levels by time:
  Lair:5: 1553 daAuts
     D:5: 1347 daAuts
 Snake:1: 1161 daAuts
  Lair:1: 1104 daAuts
  Lair:2: 1065 daAuts
     D:2: 990 daAuts
    D:15: 929 daAuts
    D:10: 927 daAuts
     D:1: 910 daAuts
  Lair:3: 907 daAuts
     D:3: 883 daAuts
     D:9: 880 daAuts
     D:8: 861 daAuts
   Orc:2: 841 daAuts
     D:4: 813 daAuts
